 Dungeon Crawl Stone Soup version 0.27-a0-553-ge0ab5a2769 (webtiles) character file.

Game seed: 11844341498064329314

54 Gaff the Stinger (level 3, 0/24 HPs)
             Began as a Demonspawn Venom Mage on Mar 8, 2021.
             Slain by Purgy (8 damage)
             ... on level 3 of the Dungeon.
             The game lasted 00:05:39 (1594 turns).

Gaff the Stinger (Demonspawn Venom Mage)            Turns: 1594, Time: 00:05:40

Health: 0/24       AC:  3    Str:  8    XL:     3   Next: 66%
Magic:  5/7        EV: 12    Int: 17    God:
Gold:   151        SH:  0    Dex: 13    Spells: 4/7 levels left

rFire    . . .     SeeInvis +   m - +0 long sword
rCold    . . .     Faith    .   (no shield)
rNeg     . . .     Spirit   .   a - +0 robe
rPois    +         Reflect  .   (no helmet)
rElec    .         Harm     .   n - +0 cloak
rCorr    .         Rampage  .   (no gloves)
Will     .....                  (no boots)
Stlth    ++........             h - amulet of magic regeneration
HPRegen  0.08/turn              f - ring of poison resistance
MPRegen  0.35/turn              o - ring of see invisible

@: no status effects
A: powered by pain 1
a: no special abilities


You were on level 3 of the Dungeon.
You visited 1 branch of the dungeon, and saw 3 of its levels.

You collected 151 gold pieces.

Inventory:

Hand Weapons
 c - a +0 club
 d - a +0 short sword
 g - a +2 dagger of venom
 m - a +0 long sword (weapon)
Armour
 a - a +0 robe (worn)
 n - a +0 cloak (worn)
Jewellery
 f - a ring of poison resistance (left hand)
 h - an amulet of magic regeneration (around neck)
 l - an amulet of faith
 o - a ring of see invisible (right hand)
 r - a +6 ring of dexterity
Scrolls
 b - 3 scrolls of identify {unknown}
 e - 2 scrolls of noise {unknown}
 p - a scroll of enchant armour {unknown}
 q - a scroll of teleportation {unknown}
Potions
 i - 2 potions of flight {unknown}
 j - 2 potions of curing {unknown}
 k - a potion of lignification {unknown}
 s - a potion of resistance {unknown}


   Skills:
 - Level 1.7 Dodging
 - Level 1.7 Stealth
 + Level 2.9 Spellcasting
 - Level 0.8 Transmutations
 + Level 4.0 Poison Magic


You had 4 spell levels left.
You knew the following spells:

 Your Spells              Type           Power      Damage    Failure   Level
a - Sting                 Tmut/Pois      40%        1d5       6%          1
b - Poisonous Vapours     Pois/Air       18%        N/A       12%         2

Your spell library contained the following spells:

 Spells                   Type           Power      Damage    Failure   Level
 Ignite Poison            Fire/Tmut/Pois 8%         N/A       26%         3
 Mephitic Cloud           Conj/Pois/Air  7%         N/A       30%         3
 Olgreb's Toxic Radiance  Pois           16%        N/A       32%         4


Dungeon Overview and Level Annotations

Branches:
Dungeon (3/15)

Altars:

Annotations:
D:2 Natasha
D:3 Purgy, Sigmund


Innate Abilities, Weirdness & Mutations

You sometimes gain a little power by taking damage.


Message History

Your +2 dagger of venom stops dripping with poison.
m - a +0 long sword (weapon)
The howler monkey skeleton hits you.
You barely miss the howler monkey skeleton.
The howler monkey skeleton is severely damaged.
The howler monkey skeleton hits you.
You hit the howler monkey skeleton.
The howler monkey skeleton is almost destroyed.
The howler monkey skeleton hits you.
* * * LOW HITPOINT WARNING * * *
You hit the howler monkey skeleton.
The howler monkey skeleton is almost destroyed.
The howler monkey skeleton hits you.
* * * LOW HITPOINT WARNING * * *
The howler monkey skeleton barely misses you.
You riposte.
You hit the howler monkey skeleton.
You destroy the howler monkey skeleton!
Your Poison Magic skill increases to level 4!
You start resting.
Purgy the Meek comes into view.
e - 2 scrolls labelled CEDWUBO CAOK (gained 1)
There are no items here.
Aiming: Sting (safe; 6% risk of failure)
Press: ? - help, Q - select action, (/) - cycle Shift-Dir - straight line, f - Purgy
Aim: Purgy (black smoke, 36% to evade)
The sting hits Purgy.
Purgy is poisoned.
Purgy is lightly wounded.
A giant cockroach comes into view.
Aiming: Sting (safe; 6% risk of failure)
Press: ? - help, Q - select action, (/) - cycle Shift-Dir - straight line, f/p - Purgy
Aim: Purgy (black smoke, poisoned, 36% to evade)
The sting misses Purgy.
Purgy bites you but does no damage. Purgy claws you but does no damage.
Purgy claws you.
Aiming: Sting (safe; 6% risk of failure)
Press: ? - help, Q - select action, (/) - cycle Shift-Dir - straight line, f/p - Purgy
Aim: Purgy (black smoke, poisoned, 36% to evade)
The sting misses Purgy.
Purgy bites you!
You die...

##### ####§.§#######
#.§§§T@......#
#§§§§........#
#######§§§§§.......#
#......§§§§.......B.
..#####...§........#
#. #...§§§#.......#
....
#......#.......# #..
#......##.#.####
##..##......#


You could see Purgy (poisoned) and a giant cockroach (asleep).

Vanquished Creatures
  A howler monkey skeleton (D:3)
  2 worms (D:3)
  2 leopard geckos
  An orc (D:3)
  6 bats
  A giant cockroach (D:2)
  5 goblins
  7 hobgoblins
  3 frilled lizards
  A kobold (D:1)
  6 rats
35 creatures vanquished.

Vanquished Creatures (others)
  A withered plant (D:3)
1 creature vanquished.

Grand Total: 36 creatures vanquished

Notes
Turn   | Place    | Note
-------+----------+-------------------------------------------
     0 | D:1      | Gaff the Demonspawn Venom Mage began the quest for the Orb.
     0 | D:1      | Reached XP level 1. HP: 13/13 MP: 3/3
   581 | D:1      | Gained mutation: You sometimes gain a little power by
                  | taking damage. [demonic ancestry]
   581 | D:1      | Reached XP level 2. HP: 19/19 MP: 1/5
  1160 | D:1      | Learned a level 2 spell: Poisonous Vapours
  1217 | D:2      | Found a faded altar of an unknown god.
  1321 | D:2      | Reached XP level 3. HP: 24/24 MP: 3/6
  1353 | D:2      | Noticed Natasha
  1358 | D:3      | Noticed Sigmund
  1533 | D:3      | Reached skill level 4 in Poison Magic
  1578 | D:3      | Noticed Purgy
  1594 | D:3      | Slain by Purgy

Illustrated notes

Levels and vault maps discovered:
D:1:      onia_arrival_mini_maze_b, layout_basic
D:2:      layout_basic, chequers_ecumenical_altar_simple_redux,
          nemelex_xobeh_ov_fountains_minmay, uniq_natasha
D:3:      layout_rooms, serial_undead, serial_undead_a, serial_undead_a,
          serial_undead_f, serial_undead_b, lemuel_another_geyser, uniq_grinder,
          uniq_sigmund, uniq_purgy

Skill      XL: |  1  2  3 |
---------------+----------+-----
Poison Magic   | 4 |  4.0
Dodging        | |  1.7
Stealth        | |  1.7
Spellcasting   | |  2.9
Transmutations | |  0.8

Action                   || total
-------------------------++-------
Melee: Short sword       ||     1
       Dagger            ||    13
       Long sword        ||     3
 Cast: Sting             ||    67
Armor: Robe              ||    18
Dodge: Dodged            ||    32
       Rpst.: Long sword ||     1

Table legend: (Time is in decaauts)
 A = Elapsed time spent in this place.
 B = Non-inter-level travel time spent in this place.
 C = Inter-level travel time spent in this place.
 D = Time resting spent in this place.
 E = Time spent auto-exploring this place.
 F = Levels seen in this place.
 G = Mean time per level.
                   A        B        C        D        E       F      G
               +--------+--------+--------+--------+--------+-----+--------+
         Total |   1591 |   1570 |     21 |    290 |    870 |   3 |  530.3 |
       Dungeon |   1591 |   1570 |     21 |    290 |    870 |   3 |  530.3 |
               +--------+--------+--------+--------+--------+-----+--------+

Top non-repeatable levels by time:
     D:1: 1211 daAuts
     D:3: 236 daAuts
     D:2: 144 daAuts
